 Dungeon Crawl Stone Soup version 0.27.1-1-g398f81649c (webtiles) character file.

Game seed: 1064293805796952805

33 101zpm the Skirmisher (level 3, -3/23 HPs)
             Began as a Gargoyle Fighter on Sept 19, 2021.
             Slain by a gnoll (6 damage)
             ... on level 1 of the Dungeon.
             The game lasted 00:02:39 (1051 turns).

101zpm the Skirmisher (Gargoyle Fighter)            Turns: 1051, Time: 00:02:39

Health: -3/23      AC: 13    Str: 20    XL:     3   Next: 29%
Magic:  3/3        EV:  7    Int:  8    God:
Gold:   0          SH:  9    Dex:  9    Spells: 2/2 levels left

rFire    . . .     SeeInvis .   a - +0 flail
rCold    . . .     Faith    .   c - +0 kite shield
rNeg     + . .     Spirit   .   b - +0 scale mail
rPois    ∞         Reflect  .   i - +2 helmet
rElec    +         Harm     .   (no cloak)
rCorr    .         Rampage  .   (no gloves)
Will     .....                  (no boots)
Stlth    ..........             (no amulet)
HPRegen  0.07/turn              (no ring)
MPRegen  0.08/turn              (no ring)

@: no status effects
A: sickness immunity, AC +3, negative energy resistance 1, electricity
resistance, torment resistance 1, petrification resistance
a: no special abilities


You were on level 1 of the Dungeon.
You visited 1 branch of the dungeon, and saw 2 of its levels.

Inventory:

Hand Weapons
 a - a +0 flail (weapon)
Missiles
 j - 4 javelins (quivered)
 k - 16 stones
Armour
 b - a +0 scale mail (worn)
 c - a +0 kite shield (worn)
 i - a +2 helmet (worn)
Scrolls
 e - a scroll of torment {unknown}
 h - a scroll of fog {unknown}
Potions
 d - 2 potions of might
 f - 2 potions of heal wounds {unknown}
 g - a potion of curing {unknown}


   Skills:
 + Level 3.6 Fighting
 + Level 2.5 Maces & Flails
 + Level 3.6 Armour
 + Level 0.4 Dodging
 + Level 3.5 Shields


You had 2 spell levels left.
You didn't know any spells.
Your spell library was empty.

Dungeon Overview and Level Annotations

Branches:
Dungeon (2/15)

Altars:

Shops:
D:1 =?:(=


Innate Abilities, Weirdness & Mutations

You are immune to sickness and miasma.
Your stone body is resilient. (AC +3)
You are immune to poison.
You resist negative energy. (rN+)
You are resistant to electric shocks. (rElec)
You are resistant to unholy torment.
You are immune to petrification.


Message History

You block the adder's attack. The gnoll completely misses you.
You block the gnoll's attack. The adder closely misses you.
The gnoll barely misses you. x2
You hit the gnoll.
You kill the gnoll!
The adder bites you.
The gnoll hits you from afar with a +0 halberd.
You block the adder's attack.
Things that are here:
a +0 spear; a gnoll corpse You block the adder's attack.
You block the adder's attack. The adder bites you.
* * * LOW HITPOINT WARNING * * *
You see here a +0 ring mail.
You block the adder's attack.
There is a stone staircase leading down here.
The adder bites you.
* * * LOW HITPOINT WARNING * * *
You block the gnoll's attack. You block the adder's attack.
You climb downwards.
The gnoll shouts!
You hear a shout!
There is a stone staircase leading up here.
A rat comes into view.
The adder bites you but does no damage. The adder bites you but does no damage.
You block the adder's attack.
There is a stone staircase leading up here.
The adder barely misses you. You block the gnoll's attack.
You climb upwards.
There is a stone staircase leading down here.
You closely miss the adder. The adder bites you but does no damage.
You block the adder's attack.
You miss the adder. The adder closely misses you.
The gnoll hits you from afar with a +0 halberd.
* * * LOW HITPOINT WARNING * * *
You block the adder's attack.
You miss the adder. You block the gnoll's attack.
The adder bites you but does no damage.
The gnoll hits you from afar with a +0 halberd.
You die...

############ ###...........
#............. #.#.#.#######.
#########.#..#........
############..g)@S.....###.......
#...>.g....[.######...#.#..#####.
#.#########..# #.....###.#.# #.
#.#####......###.##...#..#.#####.
.................##..#...........
..#####.###.#######..##..#.#####.
..# ###.###.##### #..............
..# #...........# #.###.....####.
..# #.#####[###.# #.# #...#......


You could see a gnoll and an adder.

Vanquished Creatures
  A gnoll (D:1)
  A dart slug (D:1)
  An endoplasm (D:2)
  A giant cockroach (D:1)
  A goblin (D:1)
  2 hobgoblins
  4 jackals (D:1)
  A quokka (D:1)
  3 ball pythons (D:1)
  A bat (D:1)
  A frilled lizard (D:1)
  A kobold (D:1)
  4 rats (D:1)
22 creatures vanquished.

Notes
Turn   | Place    | Note
-------+----------+-------------------------------------------
     0 | D:1      | 101zpm the Gargoyle Fighter began the quest for the Orb.
     0 | D:1      | Reached XP level 1. HP: 14/14 MP: 1/1
    29 | D:1      | Found Siaqo's Jewellery Shop.
   219 | D:1      | Reached XP level 2. HP: 16/19 MP: 2/2
   274 | D:1      | Found Nesuocig's Jewellery Shop.
   274 | D:1      | Found Sum Vyb's Book Shoppe.
   395 | D:1      | Found Hotux's Magic Scroll Boutique.
   584 | D:1      | Found Axudae's Weapon Shoppe.
   954 | D:2      | Found a faded altar of an unknown god.
   965 | D:2      | Reached XP level 3. HP: 19/23 MP: 3/3
  1051 | D:1      | Slain by a gnoll

Illustrated notes

Levels and vault maps discovered:
D:1:      lightli_arrival_statuegarden, layout_loops_ring, serial_shops, shop,
          shop, shop, shop, nicolae_square_shop, minmay_misc_feat_rows
D:2:      layout_basic, basic_altar, chequers_ecumenical_altar_simple

Action                   || total
-------------------------++-------
Melee: Flail             ||    58
Throw: Javelin           ||     2
Armor: Scale mail        ||    37
Dodge: Dodged            ||    26
Block: Kite shield       ||    47
